 Dungeon Crawl Stone Soup version 0.20.1-1-g8b1a95d (console) character file.

201 bli the Magician (level 5, -2/35 HPs)
             Began as a Barachi Ice Elementalist on Aug 6, 2017.
             Was a Priest of Cheibriados.
             Slain by a hobgoblin (7 damage)
             ... led by Robin
             ... on level 2 of the Dungeon.
             The game lasted 00:13:21 (2077 turns).

bli the Magician (Barachi Ice Elementalist)         Turns: 2077, Time: 00:13:21

Health: -2/35      AC:  2    Str: 15    XL:     5   Next: 79%
Magic:  4/11       EV: 13    Int: 24    God:    Cheibriados [***...]
Gold:   102        SH:  0    Dex: 19    Spells: 11/12 levels left

rFire    . . .     SeeInvis .   a - +2 short sword (holy)
rCold    . . .     Gourm    +   (no shield)
rNeg     . . .     Faith    .   q - +0 robe
rPois    .         Spirit   .   (no helmet)
rElec    .         Reflect  .   (no cloak)
rCorr    .         Harm     .   (no gloves)
MR       .....                  (no boots)
Stlth    +++.......             o - amulet of the gourmand
Regen    0.2/turn               v - +2 ring of intelligence
MPRegen  0.2/turn               (no ring)

@: can't hop, very slow
A: +LOS, swims, slowness 1, strong legs 1
a: Hop, Bend Time, Temporal Distortion, Renounce Religion


You were on level 2 of the Dungeon.
You worshipped Cheibriados.
Cheibriados was most pleased with you.
You were completely stuffed.

You visited 1 branch of the dungeon, and saw 3 of its levels.

You collected 102 gold pieces.

Inventory:

Hand Weapons
 a - a +2 short sword of holy wrath (weapon)
 i - a +0 dagger
Missiles
 l - 117 stones (quivered)
Armour
 q - a +0 robe (worn)
 x - a +0 ring mail
Jewellery
 o - an amulet of the gourmand (around neck)
 v - a +2 ring of intelligence (left hand)
Scrolls
 e - a scroll of magic mapping {unknown}
 f - 2 scrolls of amnesia {unknown}
 g - 4 scrolls of enchant armour {unknown}
 h - 2 scrolls of remove curse {unknown}
 m - a scroll of noise {unknown}
 n - 3 scrolls of identify {unknown}
 p - 2 scrolls of random uselessness {unknown}
 t - a scroll of blinking {unknown}
 y - a scroll of teleportation {unknown}
Potions
 j - 2 potions of curing {unknown}
 k - a potion of mutation {unknown}
 r - a potion of resistance {unknown}
 u - a potion of ambrosia {unknown}
Books
 b - a book of Frost

   Spells                             Type                      Level
   a - Freeze                         Ice                          1
   b - Throw Frost                    Conjuration/Ice              2
   c - Ozocubu's Armour               Charms/Ice                   3
   d - Throw Icicle                   Conjuration/Ice              4
   e - Summon Ice Beast               Ice/Summoning                4
Comestibles
 c - a bread ration
 d - 5 royal jellies
 s - a meat ration
 w - a chunk of flesh
 z - 4 fruits


   Skills:
 + Level 0.2 Fighting
 + Level 1.6 Short Blades
 + Level 2.5 Dodging
 + Level 3.0 Stealth
 * Level 4.4 Spellcasting
   Level 1.1 Conjurations
 + Level 4.1 Ice Magic


You had 11 spell levels left.
You knew the following spells:

 Your Spells              Type           Power        Failure   Level  Hunger
a - Freeze                Ice            ####         1%          1    None


Dungeon Overview and Level Annotations

Branches:
Dungeon (3/15)

Altars:
Ashenzari
Cheibriados

Annotations:
D:2 Robin


Innate Abilities, Weirdness & Mutations

Shadows flee at your approach. (+LOS)
You can swim through water.
You cover ground slowly.
You can hop short distances.


Message History

The hobgoblin hits you with a club!
* * * LOW HITPOINT WARNING * * *
There is a stone staircase leading up here.
The hobgoblin no longer looks unusually strong.
The hobgoblin misses you.
Robin roars a battlecry!
The goblins go into a battle-frenzy!
You climb upwards.
There is a stone staircase leading down here.
Casting: Freeze
Confirm with . or Enter, or press ? or * to list all spells.
Aiming: Freeze
Press: ? - help, Shift-Dir - straight line, f - Robin
Aim: Robin, wielding a dagger, wearing an animal skin and wearing a helmet You freeze Robin.
Robin is lightly wounded.
The hobgoblin hits you with a club.
* * * LOW HITPOINT WARNING * * *
The hobgoblin hits you!
You die...

#......#..##)###..
#......#..##.....#
#####..........)...###
#...#............#.# #
#...............##.###
#.....)............>..
#...#..............###
#####.............)..#
##..........##.#..
##g#.............#
#@g####..........#
#g#########.......
#.................
####.######....... #.#
#...#...
###.#######..##..
###.._.........#...
##...#.#..####.##...
##..........###.##...
#............##.##...
#............##.####.


You could see Robin and 2 hobgoblins.

Vanquished Creatures
  A centaur skeleton (D:3)
  An orc wizard (D:3)
  6 adders
  An ooze (D:2)
  A worm (D:2)
  A dart slug (D:3)
  4 orcs (D:3)
  A ball python (D:1)
  4 giant cockroaches
  13 goblins
  17 hobgoblins
  4 jackals (D:3)
  A quokka (D:3)
  3 bats
  3 frilled lizards
  4 kobolds (D:1)
  12 rats
77 creatures vanquished.

Notes
Turn   | Place    | Note
-------+----------+-------------------------------------------
     0 | D:1      | bli the Barachi Ice Elementalist began the quest for the Orb.
     0 | D:1      | Reached XP level 1. HP: 13/13 MP: 3/3
    83 | D:1      | Found a snail-covered altar of Cheibriados.
    98 | D:1      | Became a worshipper of Cheibriados the Contemplative
   284 | D:1      | Reached XP level 2. HP: 19/19 MP: 2/5
   525 | D:1      | Reached * piety under Cheibriados
   688 | D:1      | Reached XP level 3. HP: 23/24 MP: 7/7
   971 | D:2      | Found a shattered altar of Ashenzari.
  1008 | D:2      | Reached XP level 4. HP: 24/30 MP: 5/9
  1142 | D:2      | Reached ** piety under Cheibriados
  1271 | D:2      | Reached skill level 1 in Short Blades
  1506 | D:3      | Reached XP level 5. HP: 22/35 MP: 6/11
  2059 | D:3      | Noticed Robin
  2065 | D:3      | Reached *** piety under Cheibriados
  2077 | D:2      | Slain by a hobgoblin

Skill      XL: |  1  2  3  4 |
---------------+-------------+-----
Ice Magic      | 4 |  4.1
Stealth        | 2 3 |  3.0
Spellcasting   | 3 4 |  4.4
Short Blades   | 1 |  1.6
Fighting       | |  0.2
Dodging        | |  2.5
Conjurations   | |  1.1

Action                   |  1- 3 |  4- 6 || total
-------------------------+-------+-------++-------
Melee: Dagger            |    25 |       ||    25
       Short sword       |    14 |    35 ||    49
 Cast: Freeze            |    26 |    44 ||    70
 Abil: Hop               |       |     1 ||     1
 Stab: Sleeping          |     6 |     6 ||    12
       Distracted        |     1 |       ||     1
  Eat: Chunk             |    17 |     1 ||    18
Armor: Robe              |     7 |    12 ||    19
Dodge: Dodged            |    34 |    34 ||    68
